AoeStats
← StarKiller

Lombardia

510111598Analyzed
2v2 RM · 1d ago on Sep 29, 2026· 51m 5s· 4 players
Game mode
Random Map
Map size
Medium (4 player)
Population
200
Speed
Normal
Resources
Standard
Victory
Conquest
Starting age
Dark Age
Ending age
Imperial Age
RankedLock teamsTeams togetherTeam positionsShared explorationLock speedFull tech treeHidden civsTurbo modeCheats
Victory
Defeat
🇫🇷 Poles · France
873
+12
🇲🇽 Bulgarians · Mexico
711
+20
🇩🇪 Byzantines · Germany
789
-16
🇵🇪 Persians · Peru
786
-16
StarKiller
0:47 Loom
11:39 Feudal Age
14:52 Double-Bit Axe
14:51 Horse Collar
18:22 Wheelbarrow
22:17 Castle Age
20:26 Stone Mining
21:20 Gold Mining
21:59 Bloodlines
22:25 Forging
22:43 Scale Barding Armor
26:19 Chain Barding Armor
26:17 Town Watch
32:20 Imperial Age
31:36 Caravan
32:26 Husbandry
33:05 Iron Casting
32:48 Bow Saw
33:26 Hand Cart
37:00 Town Patrol
37:58 Fletching
38:09 Padded Archer Armor
38:32 Conscription
39:53 Plate Barding Armor
40:10 Kamandaran
40:19 Thumb Ring
39:35 Crossbowman
39:40 Light Cavalry
41:21 Bodkin Arrow
41:42 Leather Archer Armor
41:21 Pikeman
42:01 Squires
41:46 Arson
41:47 Gambesons
42:06 Scale Mail Armor
42:36 Heavy Plow
44:13 Chemistry
43:33 Ballistics
43:46 Ring Archer Armor
45:11 Chain Mail Armor
45:59 Blast Furnace
45:45 Gold Shaft Mining
45:53 Hussar
46:10 Halberdier
49:10 Plate Mail Armor
48:53 Elite War Elephant
sandy
0:31 Loom
10:44 Feudal Age
12:25 Double-Bit Axe
12:24 Horse Collar
20:06 Castle Age
18:33 Gold Mining
18:49 Stone Mining
22:37 Heavy Plow
22:59 Bow Saw
23:04 Fletching
23:15 Scale Mail Armor
23:56 Squires
24:23 Scale Barding Armor
25:04 Thumb Ring
24:20 Elite Skirmisher
30:13 Heavy Plow
31:40 Bodkin Arrow
35:16 Imperial Age
34:02 Husbandry
36:04 Wheelbarrow
35:42 Caravan
36:25 Chain Barding Armor
36:16 Forging
36:35 Cavalier
37:54 Plate Barding Armor
37:21 Padded Archer Armor
39:45 Iron Casting
39:26 Chain Mail Armor
38:38 Pikeman
39:49 Hand Cart
40:28 Bracer
41:19 Leather Archer Armor
42:21 Chemistry
42:38 Plate Mail Armor
42:45 Ballistics
42:21 Murder Holes
42:47 Paladin
43:06 Elite Varangian Guard
44:59 Conscription
47:45 Halberdier
abe.anderman
13:47 Feudal Age
15:35 Loom
16:27 Wheelbarrow
16:47 Horse Collar
17:14 Double-Bit Axe
17:54 Scale Mail Armor
17:45 Fletching
21:53 Arson
22:20 Forging
22:13 Padded Archer Armor
22:20 Scale Barding Armor
26:37 Castle Age
29:52 Bow Saw
30:44 Heavy Plow
33:14 Iron Casting
32:54 Chain Mail Armor
32:59 Chain Barding Armor
34:09 Gold Mining
34:38 Bodkin Arrow
34:58 Leather Archer Armor
37:20 Hand Cart
40:13 Imperial Age
41:15 Gambesons
41:30 Squires
40:52 Pikeman
42:22 Crop Rotation
42:31 Gold Shaft Mining
41:52 Stone Mining
42:11 Capped Ram
42:48 Halberdier
45:08 Siege Ram
48:03 Blast Furnace
47:33 Plate Mail Armor
47:39 Plate Barding Armor
47:28 Conscription
uselessplayer
5:13 Loom
12:27 Feudal Age
17:44 Castle Age
15:32 Double-Bit Axe
15:28 Horse Collar
17:05 Wheelbarrow
18:44 Bow Saw
18:34 Heavy Plow
20:42 Town Watch
22:36 Gold Mining
22:36 Stone Mining
24:22 Stone Shaft Mining
24:07 Hand Cart
24:19 Hand Cart
30:03 Imperial Age
29:28 Fletching
31:53 Conscription
31:11 Elite Obuch
31:53 Scale Mail Armor
32:03 Forging
35:26 Bodkin Arrow
35:53 Ballistics
35:35 Padded Archer Armor
35:42 Padded Archer Armor
36:07 Chain Mail Armor
37:02 Iron Casting
37:39 Plate Mail Armor
38:24 Blast Furnace
39:58 Bracer
39:58 Padded Archer Armor
41:00 Chemistry
40:13 Masonry
40:14 Fortified Wall
40:16 Siege Engineers
40:38 Lechitic Legacy
40:25 Szlachta Privileges
41:57 Hoardings
41:39 Leather Archer Armor
41:37 Squires
40:57 Pikeman
41:44 Scale Barding Armor
42:32 Town Patrol
42:55 Chain Barding Armor
42:24 Arson
44:10 Treadmill Crane
45:44 Bloodlines
45:34 Husbandry
44:55 Light Cavalry
44:55 Cavalier
46:15 Winged Hussar
Connection lost

Rejoining the realm…

Still unreachable

The connection could not be restored.

Session expired

The server has moved on; the page needs a fresh start.